 Dungeon Crawl Stone Soup version 0.29-a0-286-g41199d4a87 (webtiles) character file.

Game seed: 17776408013880896250

4359 kae the Ruffian (level 10, 0/97 HPs)
             Began as a Red Draconian Transmuter on Mar 16, 2022.
             Was a Believer of Ru.
             Succumbed to a killer bee's poison
             ... on level 8 of the Dungeon.
             The game lasted 00:05:45 (9841 turns).

kae the Ruffian (Red Draconian Transmuter)          Turns: 9841, Time: 00:05:45

Health: 0/97       AC: 11    Str: 15    XL:     10   Next: 12%
Magic:  16/17      EV: 11    Int: 16    God:    Ru [**....]
Gold:   442        SH:  0    Dex: 11    Spells: 10/18 levels left

rFire   . . .      SeeInvis .     - Unarmed
rCold   + + +      Faith    .   (shield currently unavailable)
rNeg    . . .      Spirit   .   (body armour unavailable)
rPois   +          Reflect  .   (helmet currently unavailable)
rElec   +          Harm     .   (cloak currently unavailable)
rCorr   +          Rampage  .   (gloves currently unavailable)
Will    .....                   (boots currently unavailable)
Stlth   +.........              (no amulet)
HPRegen 0.26/turn               d - ring of wizardry
MPRegen 0.15/turn               h - +4 ring of protection

@: lethally poisoned (0 -> -1), ice-form, resistant
A: freezing attack, amphibious, boosted hp, (breathe fire), AC +7, large,
unfitting armour, (fire resistance 1), (cold-blooded), hated by all
a: End Transformation, Renounce Religion


You were on level 8 of the Dungeon.
You worshipped Ru.
Ru was pleased with you.
You were a creature of crystalline ice.
You visited 2 branches of the dungeon, and saw 9 of its levels.
You also visited: Sewer and Ossuary.

You collected 442 gold pieces.

Inventory:

Missiles
 i - a throwing net
Armour
 C - a +1 hat (melded)
Jewellery
 d - a ring of wizardry (left front paw)
 h - a +4 ring of protection (right front paw)
 y - a ring of poison resistance
Wands
 f - a wand of paralysis (3)
 m - a wand of iceblast (5)
 v - a wand of charming (6)
Scrolls
 l - 4 scrolls of teleportation
 o - a scroll of summoning
 t - a scroll of fear
 u - 3 scrolls of magic mapping
 w - a scroll of enchant armour
Potions
 a - 2 potions of lignification
 b - a potion of brilliance
 c - 3 potions of curing {unknown}
 e - a potion of resistance
 g - 2 potions of heal wounds {unknown}
 j - a potion of haste
 k - 6 potions of flight
 n - 3 potions of cancellation {unknown}
 q - a potion of invisibility {unknown}
 r - 3 potions of mutation
 s - 2 potions of degeneration {unknown}
 x - 3 potions of magic {unknown}
 z - 2 potions of might {unknown}
 A - a potion of experience {unknown}
 B - a potion of berserk rage {unknown}


   Skills:
 + Level 5.4 Fighting
 + Level 4.7 Dodging
 * Level 7.9 Unarmed Combat
 + Level 4.7 Spellcasting
 * Level 7.3 Transmutations
 - Level 5.0 Ice Magic
 - Level 2.0 Poison Magic


You had 10 spell levels left.
You knew the following spells:

 Your Spells              Type           Power      Damage    Failure   Level
a - Beastly Appendage     Tmut           54%        N/A       1%          1
b - Spider Form           Tmut/Pois      18%        N/A       2%          3
c - Ice Form              Ice/Tmut       23%        N/A       4%          4

Your spell library contained the following spells:

 Spells                   Type           Power      Damage    Failure   Level
 Wereblood                Tmut           27%        N/A       1%          2
 Ozocubu's Armour         Ice            19%        N/A       2%          3
 Portal Projectile        Hex/Tloc       6%         N/A       19%         3
 Leda's Liquefaction      Hex/Erth       1%         N/A       50%         4
 Ozocubu's Refrigeration  Ice            9%         4d6       99%         7
 Call Canine Familiar     Summ           Unusable   N/A       N/A         3

Dungeon Overview and Level Annotations

Branches:
Dungeon (8/15)             Temple (1/1) D:6           Sewer (visited)
Ossuary (visited)
   Lair: D:8-11

Altars:
Cheibriados
Dithmenos
Elyvilon
Fedhas
Kikubaaqudgha
Makhleb
Okawaru
Qazlal
Ru
Sif Muna
Trog
Uskayaw
Vehumet
Wu Jian
Xom
Yredelemnul
The Shining One

Shops:
D:3 [   D:7 (


Innate Abilities, Weirdness & Mutations

You are a creature of crystalline ice.
You have a powerful freezing melee attack.
You are amphibious.
Your maximum health is increased.
Your armour is entirely melded.
You are incapable of wielding weapons or throwing items.
((You can breathe blasts of fire.))
((Your fiery red scales are hard. (AC +7)))
You cannot fit into any form of body armour.
((Your flesh is heat resistant. (rF+)))
((You are cold-blooded and may be slowed by cold attacks.))
You are hated by all.


Message History

You feel sick. The killer bee closely misses you.
The killer bee stings you but does no damage. x3
You miss the killer bee.
The killer bee is lightly wounded.
You feel sick.
The killer bee stings you but does no damage.
The killer bee stings you.
* * * LOW HITPOINT WARNING * * *
The killer bee stings you but does no damage.
The killer bee stings you!
* * * LOW HITPOINT WARNING * * *
You miss the killer bee.
The killer bee is lightly wounded.
You feel sick. The killer bee closely misses you. x2
Okay, then.
You hit the killer bee. You freeze the killer bee.
The killer bee is lightly wounded.
You feel sick. The killer bee closely misses you.
The killer bee stings you but does no damage.
The killer bee stings you!
* * * LOW HITPOINT WARNING * * *
The killer bee stings you but does no damage.
You hit the killer bee. You freeze the killer bee.
The killer bee is heavily wounded.
The killer bee stings you.
* * * LOW HITPOINT WARNING * * *
The killer bee stings you.
* * * LOW HITPOINT WARNING * * *
The killer bee stings you.
* * * LOW HITPOINT WARNING * * *
The killer bee is stunned by your conviction and fails to attack.
Okay, then.
Blink to where?
Press: ? - help, Dir - move target
As you read the scroll of blinking, it crumbles to dust.
* * * LOW HITPOINT WARNING * * *
You feel sick.
It was a potion of resistance.
You feel protected.
You die...

#################
#######.........##...#.
#########...............##...+.
........y.............(.##...#.
.......§y.....Y.........##...##
.................####...##.....
...................##....#.....
....................+....'.....
...................##..()#####.
.......................[.......
.....#...............#####.....
.....................#.........
...#.........#........#


You could see 2 killer bees.

Vanquished Creatures
  Erica (D:8)
  4 yaks (D:5)
  Duvessa (D:6)
  A water moccasin (D:6)
  An orc warrior (D:5)
  2 black bears (D:7)
  4 ogres
  A centaur (D:5)
  A kobold brigand (Sewer)
  A phantom (D:6)
  A bullfrog (D:7)
  A necrophage (D:5)
  7 water moccasin zombies (Ossuary)
  A scorpion (D:5)
  8 wights
  Dowan (D:6)
  4 killer bees (D:8)
  6 hounds
  4 jellies
  An orc priest (D:7)
  4 orc wizards
  4 iguanas
  2 mummies (Ossuary)
  4 gnolls (D:4)
  13 adders
  4 river rats (Sewer)
  A shadow imp (D:5)
  2 white imps (D:7)
  2 ufetubi
  3 adder zombies (Ossuary)
  4 worms
  2 dart slugs
  15 orcs
  24 ball pythons
  8 endoplasms
  2 giant cockroaches
  A gnoll zombie (Ossuary)
  6 goblins
  5 hobgoblins
  3 jackals (D:4)
  20 kobolds
  4 quokkas
  7 frilled lizards
  2 hobgoblin zombies (Ossuary)
  2 kobold zombies (Ossuary)
  6 orc zombies (Ossuary)
  29 rats
230 creatures vanquished.

Vanquished Creatures (others)
  A hobgoblin (D:4)
1 creature vanquished.

Grand Total: 231 creatures vanquished

Notes
Turn   | Place    | Note
-------+----------+-------------------------------------------
     0 | D:1      | kae the Draconian Transmuter began the quest for the Orb.
     0 | D:1      | Reached XP level 1. HP: 16/16 MP: 3/3
   332 | D:1      | Reached XP level 2. HP: 18/23 MP: 5/5
   994 | D:2      | Identified the +4 helmet of Xoufoaf {Rampage Int+3}
  1063 | D:2      | Found a faded altar of an unknown god.
  1124 | D:2      | Reached XP level 3. HP: 24/28 MP: 6/6
  1385 | D:2      | Learned a level 3 spell: Spider Form
  1987 | D:2      | Reached XP level 4. HP: 19/36 MP: 5/7
  2389 | D:3      | Found Fonu's Antique Armour Shop.
  3220 | D:4      | Reached skill level 1 in Poison Magic
  3495 | D:4      | Reached XP level 5. HP: 36/41 MP: 8/8
  3500 | D:4      | Learned a level 4 spell: Ice Form
  3563 | D:4      | Reached XP level 6. HP: 46/50 MP: 5/9
  3653 | D:4      | Reached skill level 1 in Ice Magic
  4090 | D:4      | Your scales start taking on a fiery red colour.
  4090 | D:4      | Reduced skill Ice Magic to level 1
  4090 | D:4      | Reached XP level 7. HP: 52/56 MP: 9/11
  4090 | D:4      | Gained mutation: Your flesh is heat resistant. (rF+) [Red
                  | Draconian growth]
  4686 | D:4      | Reached skill level 5 in Unarmed Combat
  5079 | D:5      | Entered Level 5 of the Dungeon
  5079 | D:5      | Noticed a yak
  5079 | D:5      | Noticed a yak
  5079 | D:5      | Noticed a yak
  5079 | D:5      | Noticed a yak
  5168 | D:5      | Found a sand-covered staircase.
  5263 | Ossuary  | Entered an ossuary
  5439 | Ossuary  | Reached XP level 8. HP: 46/63 MP: 12/12
  5589 | Ossuary  | Reached skill level 5 in Transmutations
  5699 | D:5      | Found a hide-covered altar of Uskayaw.
  6081 | D:5      | Reached XP level 9. HP: 72/72 MP: 10/14
  6550 | D:6      | Found a glowing drain.
  6554 | Sewer    | Entered a sewer
  7294 | D:6      | Noticed Duvessa
  7298 | D:6      | Noticed Dowan
  7301 | D:6      | Killed Duvessa
  7310 | D:6      | Killed Dowan
  7771 | D:6      | Found a shadowy altar of Dithmenos.
  7847 | D:6      | Found a staircase to the Ecumenical Temple.
  7862 | Temple   | Entered the Ecumenical Temple
  7949 | Temple   | Became a worshipper of Ru the Awakened
  8121 | D:7      | Reached skill level 5 in Fighting
  8312 | D:7      | Found a snail-covered altar of Cheibriados.
  8659 | D:7      | Found a radiant altar of Vehumet.
  8839 | D:7      | Found a shimmering blue altar of Sif Muna.
  8870 | D:7      | Found Voir's Antique Weapon Emporium.
  9116 | D:8      | Noticed Erica
  9124 | D:8      | Gained mutation: You are hated by all. [Ru sacrifice]
  9124 | D:8      | Reached * piety under Ru
  9124 | D:8      | Reached ** piety under Ru
  9571 | D:8      | Killed Erica
  9572 | D:8      | Reached skill level 5 in Ice Magic
  9572 | D:8      | Reached XP level 10. HP: 81/81 MP: 11/17
  9839 | D:8      | HP: 4/97 [killer bee (5)]
  9840 | D:8      | HP: 1/97 [poisoned by a killer bee]
  9841 | D:8      | Succumbed to a killer bee's poison

Illustrated notes

Levels and vault maps discovered:
D:1:      eino_arrival_tree_alley, layout_rooms, nicolae_figureground_sparkle
D:2:      layout_loops_cross, nicolae_ecumenical_snake_handling
D:3:      layout_basic, serial_shops, shop
D:4:      layout_loops_ring, minmay_snake_closets
D:5:      layout_cave_pools, lemuel_round_altar, nicolae_ossuary_entry_plus
D:6:      layout_rooms, nicolae_dithmenos_the_darkroom,
          minmay_temple_entry_antechambers, gup_sewer_entry_spiral,
          chequers_serial_rivers_marsh, grunt_ministairs_8, uniq_duvessa
D:7:      layout_gridville, mainiacjoe_overflow_brackets,
          overflow_temple_1_default, amcnicky_altar_gilded, serial_shops, shop
D:8:      layout_basic, uniq_erica
Temple:   nicolae_temple_x_marks_the_god

Skill      XL: |  1  2  3  4  5  6  7  8  9 |
---------------+----------------------------+-----
Dodging        | 2 3 4 |  4.7
Fighting       | 2 3 4 5 |  5.4
Poison Magic   | 1 2 |  2.0
Unarmed Combat | 4 5 6 7 |  7.9
Transmutations | 3 4 5 7 |  7.3
Ice Magic      | 1 2 3 5 |  5.0
Spellcasting   | 3 4 |  4.7

Action                   |  1- 3 |  4- 6 |  7- 9 | 10-12 || total
-------------------------+-------+-------+-------+-------++-------
Melee: Unarmed           |   106 |   133 |   372 |    38 ||   649
       Kick              |     8 |    16 |    18 |       ||    42
       Tailslap          |     8 |    10 |    17 |       ||    35
       Headbutt          |     7 |     8 |     4 |       ||    19
       Punch             |       |     2 |     4 |       ||     6
 Cast: Beastly Appendage |    20 |    12 |     4 |       ||    36
       Spider Form       |       |     6 |    16 |       ||    22
       Ice Form          |       |     2 |    34 |     4 ||    40
Invok: Sacrifice Love    |       |       |     1 |       ||     1
 Abil: Breathe Fire      |       |       |     5 |       ||     5
Evoke: Wand              |       |       |     4 |       ||     4
  Use: Scroll            |     2 |     4 |     8 |     1 ||    15
       Potion            |       |       |       |     1 ||     1
 Stab: Sleeping          |     1 |     1 |     2 |       ||     4
       Paralysed         |       |       |     5 |       ||     5
Armor: Skin              |    17 |    26 |   144 |    35 ||   222
Dodge: Dodged            |    78 |   103 |   238 |    42 ||   461

Table legend: (Time is in decaauts)
 A = Elapsed time spent in this place.
 B = Non-inter-level travel time spent in this place.
 C = Inter-level travel time spent in this place.
 D = Time resting spent in this place.
 E = Time spent auto-exploring this place.
 F = Levels seen in this place.
 G = Mean time per level.
                   A        B        C        D        E       F      G
               +--------+--------+--------+--------+--------+-----+--------+
         Total |   9811 |   9515 |    296 |    784 |   7166 |  11 |  891.9 |
       Dungeon |   8678 |   8408 |    270 |    748 |   6432 |   8 | 1084.8 |
        Temple |     97 |     71 |     26 |      0 |     66 |   1 |   97.0 |
         Sewer |    659 |    659 |      0 |      0 |    469 |   1 |  659.0 |
       Ossuary |    375 |    375 |      0 |     36 |    198 |   1 |  375.0 |
               +--------+--------+--------+--------+--------+-----+--------+

Top non-repeatable levels by time:
     D:4: 1925 daAuts
     D:2: 1505 daAuts
     D:7: 1305 daAuts
     D:5: 982 daAuts
     D:6: 923 daAuts
     D:3: 836 daAuts
     D:1: 827 daAuts
   Sewer: 659 daAuts
 Ossuary: 375 daAuts
     D:8: 372 daAuts
  Temple: 97 daAuts
